AoeStats
← Sxc Specs

Arabia

507452856Analyzed
4v4 RM · 14d ago on Sep 18, 2026· 26m 42s· 8 players
Game mode
Random Map
Map size
Large (8 player)
Population
200
Speed
Normal
Resources
Standard
Victory
Conquest
Starting age
Dark Age
Ending age
Imperial Age
RankedLock teamsTeams togetherTeam positionsShared explorationLock speedFull tech treeHidden civsTurbo modeCheats
Victory
Defeat
🇺🇦 Khmer · Ukraine
1684
+8
🇭🇰 Huns · Hong Kong SAR China
1617
+10
🇺🇸 Teutons · United States
1575
+12
🇯🇵 Wu · Japan
1535
+14
🇦🇺 Lithuanians · Australia
1712
-19
🇹🇼 Gurjaras · Taiwan
1445
-9
🇮🇳 Romans · India
1441
-9
🇨🇳 Koreans · China
1360
-7
RustyCrowHK
6:05 Loom
9:12 Feudal Age
9:47 Double-Bit Axe
9:43 Horse Collar
19:12 Scale Barding Armor
24:21 Castle Age
23:37 Forging
23:26 Gold Mining
24:36 Bloodlines
24:47 Bloodlines
25:25 Chain Barding Armor
25:51 Bow Saw
26:31 Heavy Plow
25:57 Light Cavalry
busy pushing deer
8:58 Feudal Age
9:42 Double-Bit Axe
10:22 Horse Collar
15:33 Scale Barding Armor
19:09 Wheelbarrow
22:21 Castle Age
21:21 Bloodlines
21:22 Forging
21:18 Gold Mining
23:39 Chain Barding Armor
23:37 Bow Saw
27:44 Iron Casting
27:31 Hand Cart
Ouch
7:12 Loom
9:39 Feudal Age
10:48 Double-Bit Axe
13:32 Town Watch
14:28 Wheelbarrow
13:53 Fletching
17:25 Padded Archer Armor
21:50 Castle Age
19:59 Gold Mining
20:26 Horse Collar
21:16 Town Watch
21:52 Crossbowman
22:28 Bodkin Arrow
22:43 Bow Saw
24:15 Ballistics
24:12 Leather Archer Armor
24:34 Gold Shaft Mining
25:39 Hand Cart
Chicken Castle
0:26 Loom
9:03 Feudal Age
11:38 Fletching
23:21 Castle Age
22:02 Double-Bit Axe
21:58 Horse Collar
23:12 Padded Archer Armor
23:58 Bodkin Arrow
23:26 Crossbowman
24:19 Gold Mining
25:14 Bow Saw
AoToA
7:05 Loom
9:09 Feudal Age
15:47 Fletching
20:41 Gold Mining
24:56 Castle Age
劉劉家
6:35 Loom
8:56 Feudal Age
10:33 Double-Bit Axe
14:15 Fletching
15:17 Padded Archer Armor
16:19 Gold Mining
26:41 Castle Age
26:48 Wheelbarrow
Sxc Specs
8:50 Feudal Age
9:23 Double-Bit Axe
10:17 Loom
10:14 Horse Collar
17:00 Bloodlines
19:41 Scale Barding Armor
20:52 Forging
24:26 Wheelbarrow
26:29 Castle Age
Topspin
5:59 Loom
8:50 Feudal Age
10:08 Double-Bit Axe
15:54 Scale Barding Armor
16:27 Bloodlines
18:51 Forging
25:34 Castle Age
Connection lost

Rejoining the realm…

Still unreachable

The connection could not be restored.

Session expired

The server has moved on; the page needs a fresh start.